Construct Infanterie Kompanie
Selects Luftwaffe Battlegroup
Selects Luftwaffe Pioneer Support
Fallschirmpioneer Squad Paradrop
Fallschirmpioneer Squad Paradrop
Fallschirmpioneer Squad Paradrop
Construct Luftwaffe Kompanie
Flak 30 Anti-aircraft Gun Team
Infanterie Officer Quarters
Flak 30 Anti-aircraft Gun Team
Fallschirmpioneer Squad Paradrop
Selects Stuka Strafing Run
Selects Fallschirmjäger Squad Paradrop
Flak 30 Anti-aircraft Gun Team
Marder III M Tank Destroyer
Marder III M Tank Destroyer
Construct Panzergrenadier Kompanie
Pak 40 Anti-tank Gun Team
Pak 40 Anti-tank Gun Team
Selects Flak 38 Anti-Air Emplacement
Construct Panzer Kompanie
Selects Infantry Reserves
Panzergrenadier Officer Quarters
Fallschirmpioneer Squad Paradrop
Pak 40 Anti-tank Gun Team